 Dungeon Crawl Stone Soup version 0.16.1-25-gbcee3f8 (webtiles) character file.

93 drack the Sneak (level 4, -5/34 HPs)
             Began as a Vampire Assassin on May 22, 2015.
             Was an Initiate of Nemelex Xobeh.
             Slain by Ronin1377's ghost (7 damage)
             ... on level 3 of the Dungeon.
             The game lasted 00:19:03 (2747 turns).

drack the Sneak (Vampire Assassin)                  Turns: 2747, Time: 00:19:03

Health: -5/34      AC:  6    Str: 11    XL:     4   Next: 37%
Magic:  1/1        EV: 12    Int: 18    God:    Nemelex Xobeh [......]
Gold:   136        SH:  0    Dex: 15    Spells: 0 memorised, 3 levels left

rFire  . . .     SeeInvis +     i - +2 short sword (antimagic)
rCold  . . .     Clarity  .     z - +1 leather armour
rNeg   + . .     SustAb   .     (no shield)
rPois  .         Gourm    .     (no helmet)
rElec  .         Spirit   .     d - +0 cloak
rCorr  .         Warding  .     (no gloves)
rMut   .         Stasis   .     q - +0 pair of boots
MR     .....                    (no amulet)
Stlth  ++++......               (no ring)
                                (no ring)

@: brilliant, not resistant to hostile enchantments, stealthy
A: bottle blood, fangs 3, see invisible, unbreathing
a: Bat Form, Renounce Religion


You were on level 3 of the Dungeon.
You worshipped Nemelex Xobeh.
Nemelex Xobeh was noncommittal.
You were not thirsty.

You visited 1 branch of the dungeon, and saw 3 of its levels.

You collected 136 gold pieces.

Inventory:

Hand weapons
 a - a +2 dagger
 b - a +0 blowgun
 i - a +2 antimagic short sword (weapon)
 l - a +0 dagger
 m - a cursed +0 club
 n - a +0 dagger
 v - a +0 hand axe
 w - a +0 club
 x - a +0 whip
 C - a +0 short sword
 D - a +0 whip
 F - a +0 dagger
 G - a +0 dagger
 H - a +0 whip
 J - a +0 dagger
 L - a +0 club
 M - a +0 club
 N - a +0 dagger
 Q - a +0 club
 R - a +0 hunting sling
 V - a +0 club
 Y - a +0 club
Missiles
 e - 8 poisoned needles
 f - 2 curare-tipped needles
 h - 70 arrows
 k - 122 stones (quivered)
 y - 45 bolts
 P - 21 sling bullets
Armour
 c - a +0 robe
 d - a +0 cloak (worn)
 o - a +0 centaur barding
 p - a +0 ring mail
 q - a +0 pair of boots (worn)
 r - a +0 robe
 s - a +1 pair of gloves
 u - a +0 ring mail
 z - a +1 leather armour (worn)
 A - a +0 ring mail
 B - a +0 robe
 E - a +2 cloak
Scrolls
 U - a scroll of identify
Potions
 g - 9 potions of blood
 I - 2 potions of degeneration
Miscellaneous
 T - a plain deck of war
Comestibles
 j - a meat ration
 t - 3 bread rations
 W - a poisonous chunk of flesh


   Skills:
 + Level 2.3 Fighting
 + Level 2.7 Short Blades
 + Level 1.7 Throwing
 + Level 0.2 Armour
 + Level 2.4 Dodging
 + Level 7.1 Stealth


You had 3 spell levels left.
You didn't know any spells.

Dungeon Overview and Level Annotations

Branches:
Dungeon (3/15)

Altars:
Nemelex Xobeh

Annotations:
D:3 Ronin1377's ghost, average MiGl


Innate Abilities, Weirdness & Mutations

You can bottle blood from corpses.
You have razor-sharp teeth.
You have supernaturally acute eyesight.
You can survive without breathing.


Message History

Ronin1377's ghost hits you.
* * * LOW HITPOINT WARNING * * *
It was a potion of brilliance.
You feel clever all of a sudden. Ronin1377's ghost barely misses you.
Unknown command.
As you read the scroll labeled PIDGHO LEYRO, it crumbles to dust.
The creatures around you are filled with an inner flame!
It was a scroll of immolation.
Ronin1377's ghost hits you but does no damage.
Unknown command.
As you read the scroll labeled CEQEFR EMUG, it crumbles to dust.
It is a scroll of enchant armour.
Enchant which item? (? for menu, Esc to quit)
Your +0 leather armour glows green for a moment.
Ronin1377's ghost hits you.
* * * LOW HITPOINT WARNING * * *
Yummy - fresh blood!
Ronin1377's ghost hits you!
You die...
Your body disappears without a glow.

#.####.#.......(.
#........#
######.#.# #...#
#.# #.#.# #.#
#.#.# #g# #.#.#
#K# #.#.# #W#
#.#<# #@#
#.###.#.# #.#
#.#.# #
#.###...#.#
#.....#.#.#
#.........#
#รท...##.###
#....##.#
#....##.#


You could see Ronin1377's ghost (inner flame), a gnoll (inner flame) and a
kobold (inner flame).

Vanquished Creatures
  A gnoll (D:3)
  4 adders (D:2)
  2 worms (D:2)
  A giant gecko (D:2)
  5 goblins (D:2)
  4 hobgoblins
  8 kobolds
  A quokka (D:2)
  4 bats (D:2)
  2 giant newts (D:2)
  4 jackals (D:2)
  3 rats
39 creatures vanquished.

Notes
Turn   | Place    | Note
--------------------------------------------------------------
     0 | D:1      | drack, the Vampire Assassin, began the quest for the Orb.
     0 | D:1      | Reached XP level 1. HP: 16/16 MP: 1/1
   256 | D:1      | Reached skill level 6 in Stealth
   874 | D:2      | Reached XP level 2. HP: 22/22 MP: 0/2
  1051 | D:2      | Reached XP level 3. HP: 14/27 MP: 1/3
  1454 | D:2      | Reached skill level 7 in Stealth
  1581 | D:2      | Found a sparkling altar of Nemelex Xobeh.
  1595 | D:2      | Became a worshipper of Nemelex Xobeh the Trickster
  1915 | D:2      | Reached XP level 4. HP: 23/33 MP: 1/4
  2666 | D:3      | Received a gift from Nemelex Xobeh
  2730 | D:3      | Noticed Ronin1377's ghost (average MiGl)
  2747 | D:3      | Slain by Ronin1377's ghost

Action                   |  1- 3 |  4- 6 || total
-------------------------+-------+-------++-------
Melee: Dagger            |    18 |       ||    18
       Short sword       |    75 |    31 ||   106
  Use: Potion            |     6 |     4 ||    10
       Scroll            |     5 |     2 ||     7
 Stab: Sleeping          |     3 |       ||     3
